 Dungeon Sprint DCSS version 0.28.0-45-g0d030f2227 (webtiles) character file.

Game seed: 8831162600242828286

9321 boopmooplesden the Fencer (level 11, -28/108 HPs)
             Began as a Minotaur Berserker on Apr 12, 2022.
             Was the Champion of Trog.
             Annihilated by a dire elephant (32 damage)
             ... in the Dungeon (Sprint III: "The Ten Rune Challenge").
             The game lasted 00:05:32 (3046 turns).

boopmooplesden the Fencer (Minotaur Berserker)      Turns: 3046, Time: 00:05:33

Health: -28/108    AC: 15    Str: 24    XL:     11   Next: 21%
Magic:  10/10      EV: 11    Int:  6    God:    Trog [******]
Gold:   2664       SH:  0    Dex: 12    Spells: 10/10 levels left

rFire   . . .      SeeInvis .   u - +7 scimitar of the Beginning {vorpal, +Blink rElec rPois}
rCold   . . .      Faith    .   (no shield)
rNeg    . . .      Spirit   .   t - +0 plate armour
rPois   +          Reflect  .   (helmet restricted)
rElec   +          Harm     .   (no cloak)
rCorr   .          Rampage  .   (no gloves)
Will    +....      NoTele   +   (no boots)
Stlth   ..........              (no amulet)
HPRegen 0.28/turn               (no ring)
MPRegen 0.12/turn               (no ring)

@: on berserk cooldown, slowed, very slow
A: horns 2, retaliatory headbutt, clever 1, frail 1, strong-willed 1,
electricity resistance
a: Renounce Religion, Evoke Blink, Berserk, Trog's Hand, Brothers in Arms


You were in the Dungeon.
You worshipped Trog.
Trog was exalted by your worship.
You visited 1 branch You collected 2828 gold pieces.
You spent 164 gold pieces at shops.

Inventory:

Hand Weapons
 a - a +0 falchion
 c - a +8 scimitar of flaming
 q - a +2 long sword of holy wrath
 s - a +2 antimagic great sword
 u - the +7 scimitar of the Beginning (weapon) {vorpal, +Blink rElec rPois}
   (Trog gifted it to you in the Dungeon)

   It inflicts extra damage upon your enemies.
   rElec:     It insulates you from electricity.
   rPois:     It protects you from poison.
   +Blink:    It lets you blink.
Armour
 b - a +0 animal skin
 p - a +0 leather armour
 t - a +0 plate armour (worn)
Wands
 n - a wand of charming (10)
Scrolls
 h - 3 scrolls of blinking
 j - a scroll of immolation {unknown}
 k - 3 scrolls of identify
 m - a scroll of holy word {unknown}
Potions
 d - 4 potions of heal wounds
 e - a potion of haste
 f - 2 potions of magic
 g - 2 potions of berserk rage
 i - a potion of mutation
 l - 4 potions of flight
 o - a potion of might
Miscellaneous
 r - a tin of tremorstones (2/2)


   Skills:
 + Level 18.4 Fighting
 + Level 20.9 Long Blades
 + Level 13.1 Armour
 + Level 9.7 Dodging
 + Level 4.1 Stealth
 + Level 2.7 Evocations


You had 10 spell levels left.
You didn't know any spells.
Your spell library was empty.

Dungeon Overview and Level Annotations

Branches:
Dungeon (1/1)

Altars:
Cheibriados
Dithmenos
Elyvilon
Fedhas
Gozag
Hepliaklqana
Kikubaaqudgha
Makhleb
Nemelex Xobeh
Okawaru
Qazlal
Ru
Sif Muna
Trog
Uskayaw
Vehumet
Wu Jian
Xom
Yredelemnul
Zin
The Shining One
Beogh
Jiyva
Lugonu

Shops:
D ?

Annotations:
D Gastronok


Innate Abilities, Weirdness & Mutations

You have a pair of horns on your head.
You reflexively headbutt those who attack you in melee.
Your mind is acute. (Int +2)
You are frail. (-10% HP)
You are strong-willed. (Will+)
You are resistant to electric shocks. (rElec)


Message History

Your Armour skill increases to level 13!
You enter the shallow water.
Moving in this stuff is going to be slow.
You see here a dire elephant corpse.
You feel a strong urge to attack something.
You are no longer berserk.
You are exhausted.
You feel yourself slow down. The elephant tramples you.
You stumble backwards!
Splash!
The dire elephant tramples you!!
You stumble backwards!
Splash!
You slice the dire elephant!!
The dire elephant is almost dead.
The dire elephant tramples you but does no damage.
The dire elephant trunk-slaps you.
You hit the dire elephant.
The dire elephant is almost dead.
The dire elephant closely misses you. The dire elephant trunk-slaps you.
The elephant barely misses you. The elephant trunk-slaps you.
The dire elephant tramples you!!
* * * LOW HITPOINT WARNING * * *
You hold your ground!
The dire elephant barely misses you.
You hit the dire elephant but do no damage.
You headbutt the dire elephant, but do no damage.
The dire elephant is almost dead.
The elephant tramples you but does no damage.
The elephant splashes around in the water.
The elephant tramples you.
* * * LOW HITPOINT WARNING * * *
You hold your ground!
The elephant trunk-slaps you but does no damage.
The dire elephant tramples you!
* * * LOW HITPOINT WARNING * * *
You hold your ground!
The dire elephant trunk-slaps you but does no damage.
The elephant closely misses you.
The elephant trunk-slaps you but does no damage.
The dire elephant tramples you!!
You die...

##..##....#†.....#'###__
#..###..##.#.....#)§:#__
#).# #.. ####....#___#__
▓▓▓▓▓▓▓▓▓▓▓▓▓▓▓▓▓▓▓▓▓▓▓▓
▓...'≈≈≈≈.≈≈≈≈♣♣.....♣♣♣
▓...#w≈≈§§§≈≈≈♣♣÷≈≈≈≈)♣♣
▓.w.#≈≈.§§§≈≈≈.'.÷..÷#°°
▓..P#≈YY§§§.≈≈♣♣♣♣♣♣♣#°°
▓..$#≈Y@§≈§≈≈≈♣ ###
▓##+####+######


You could see Gastronok, a dire elephant and 2 elephants.

Vanquished Creatures
  A dire elephant (D)
  Josephine (D)
  A centaur warrior (D)
  An orc high priest (D)
  A deep elf pyromancer (D)
  An orc sorcerer (D)
  2 cane toads (D)
  A komodo dragon (D)
  A rime drake (D)
  An unseen horror (D)
  A queen bee (D)
  5 blink frogs (D)
  A shadow (D)
  3 wandering mushrooms (D)
  A spatial vortex (D)
  A swamp drake (D)
  3 orc warriors (D)
  2 centaurs (D)
  A necrophage (D)
  An earth elemental (D)
  A water elemental (D)
  32 killer bees (D)
  A jelly (D)
  2 orc priests (D)
  Jessica (D)
  A necromancer (D)
  A wizard (D)
  4 orc wizards (D)
  A kobold demonologist (D)
  3 humans (D)
  A phantom (D)
  7 orcs (D)
  3 rats (D)
88 creatures vanquished.

Vanquished Creatures (others)
  4 plants (D)
4 creatures vanquished.

Grand Total: 92 creatures vanquished

Notes
Turn   | Place    | Note
-------+----------+-------------------------------------------
     0 | D        | boopmooplesden the Minotaur Berserker began the quest for
                  | the Orb.
     0 | D        | Reached XP level 1. HP: 19/19 MP: 0/0
    12 | D        | Reached skill level 4 in Long Blades
    22 | D        | Noticed Jessica
    29 | D        | Killed Jessica
    29 | D        | Reached ** piety under Trog
    30 | D        | Reached skill level 5 in Fighting
    30 | D        | Reached skill level 5 in Long Blades
    30 | D        | Reached XP level 2. HP: 18/29 MP: 1/1
   172 | D        | Reached skill level 6 in Long Blades
   172 | D        | Reached XP level 3. HP: 28/37 MP: 2/2
   172 | D        | Reached *** piety under Trog
   307 | D        | Gained mutation: Your spells are a little easier to cast,
                  | but a little less powerful. [potion of mutation]
   307 | D        | Gained mutation: You are dopey. (Int -2) [potion of
                  | mutation]
   307 | D        | Gained mutation: You are strong-willed. (Will+) [potion of
                  | mutation]
   307 | D        | Gained mutation: You are resistant to electric shocks.
                  | (rElec) [potion of mutation]
   308 | D        | Lost mutation: You are dopey. (Int -2) [potion of mutation]
   308 | D        | Lost mutation: Your spells are a little easier to cast, but
                  | a little less powerful. [potion of mutation]
   308 | D        | Gained mutation: You are frail. (-10% HP) [potion of
                  | mutation]
   308 | D        | Gained mutation: Your mind is acute. (Int +2) [potion of
                  | mutation]
   313 | D        | Noticed a water elemental
   320 | D        | Killed a water elemental
   321 | D        | Reached skill level 8 in Long Blades
   321 | D        | Reached XP level 4. HP: 37/42 MP: 3/3
   431 | D        | Found a basalt altar of Yredelemnul.
   431 | D        | Found a shadowy altar of Dithmenos.
   431 | D        | Found a sacrificial altar of Ru.
   431 | D        | Noticed a necrophage
   434 | D        | Killed a necrophage
   435 | D        | Reached skill level 9 in Long Blades
   435 | D        | Reached XP level 5. HP: 38/50 MP: 4/4
   439 | D        | Reached skill level 10 in Long Blades
   439 | D        | Reached skill level 5 in Dodging
   638 | D        | Found a radiant altar of Vehumet.
   640 | D        | Found a shimmering blue altar of Sif Muna.
   640 | D        | Found an ancient bone altar of Kikubaaqudgha.
   642 | D        | Noticed a smoke demon
   642 | D        | Reached **** piety under Trog
   798 | D        | Found a hide-covered altar of Uskayaw.
   798 | D        | Found an iron altar of Okawaru.
   798 | D        | Found a bloodstained altar of Trog.
   798 | D        | Found an ornate altar of the Wu Jian Council.
   798 | D        | Noticed a human
   798 | D        | Noticed a human
   804 | D        | Killed a human
   805 | D        | Reached skill level 10 in Fighting
   805 | D        | Reached skill level 11 in Long Blades
   805 | D        | Reached skill level 5 in Armour
   805 | D        | Reached XP level 6. HP: 60/60 MP: 5/5
   808 | D        | Killed a human
   809 | D        | Reached skill level 12 in Long Blades
   809 | D        | Reached XP level 7. HP: 66/66 MP: 6/6
   994 | D        | Found a glowing silver altar of Zin.
   996 | D        | Found a glowing golden altar of the Shining One.
   996 | D        | Found a white marble altar of Elyvilon.
   996 | D        | Noticed a deep elf pyromancer
  1001 | D        | Killed a deep elf pyromancer
  1001 | D        | Reached ***** piety under Trog
  1002 | D        | Reached skill level 14 in Long Blades
  1045 | D        | Noticed a shadow
  1055 | D        | Killed a shadow
  1056 | D        | Reached XP level 8. HP: 44/76 MP: 7/7
  1188 | D        | Found a blossoming altar of Fedhas.
  1188 | D        | Found a stormy altar of Qazlal.
  1188 | D        | Found a snail-covered altar of Cheibriados.
  1188 | D        | Found a burning altar of Makhleb.
  1188 | D        | Found a shimmering altar of Xom.
  1189 | D        | Found a hazy altar of Hepliaklqana.
  1189 | D        | Found an opulent altar of Gozag.
  1189 | D        | Found a sparkling altar of Nemelex Xobeh.
  1189 | D        | Found a corrupted altar of Lugonu.
  1189 | D        | Found a viscous altar of Jiyva.
  1201 | D        | Reached skill level 15 in Long Blades
  1201 | D        | Reached skill level 1 in Stealth
  1325 | D        | Noticed Josephine
  1332 | D        | Killed Josephine
  1333 | D        | Reached skill level 16 in Long Blades
  1421 | D        | Found Zoilipem's Magic Scroll Emporium.
  1421 | D        | Noticed an orc high priest
  1421 | D        | Noticed an orc sorcerer
  1422 | D        | Received a gift from Trog
  1422 | D        | Received a gift from Trog
  1423 | D        | Reached ****** piety under Trog
  1424 | D        | Reached XP level 9. HP: 85/85 MP: 8/8
  1424 | D        | Noticed an orange demon
  1425 | D        | Killed an orc sorcerer
  1426 | D        | Reached skill level 17 in Long Blades
  1426 | D        | Noticed a rust devil
  1426 | D        | Noticed a hellwing
  1432 | D        | Reached skill level 15 in Fighting
  1436 | D        | Killed an orc high priest
  1437 | D        | Reached skill level 18 in Long Blades
  1440 | D        | Reached skill level 1 in Evocations
  1444 | D        | Received a gift from Trog
  1759 | D        | Bought a scroll of blinking for 82 gold pieces
  1759 | D        | Bought a scroll of blinking for 82 gold pieces
  1948 | D        | Noticed a centaur warrior
  1959 | D        | Killed a centaur warrior
  1960 | D        | Reached XP level 10. HP: 61/96 MP: 3/9
  2118 | D        | Reached skill level 19 in Long Blades
  2298 | D        | Received a gift from Trog
  2299 | D        | Received a gift from Trog
  2299 | D        | Received a gift from Trog
  2316 | D        | Identified the +7 scimitar of the Beginning {vorpal, +Blink
                  | rElec rPois} (Trog gifted it to you in the Dungeon)
  2316 | D        | Received a gift from Trog
  2337 | D        | Received a gift from Trog
  2342 | D        | Reached skill level 10 in Armour
  2505 | D        | Reached skill level 20 in Long Blades
  2514 | D        | Noticed a cane toad
  2514 | D        | Noticed a cane toad
  2518 | D        | Killed a cane toad
  2520 | D        | Killed a cane toad
  2596 | D        | Received a gift from Trog
  2730 | D        | Reached XP level 11. HP: 92/106 MP: 10/10
  3028 | D        | Noticed a dire elephant
  3028 | D        | Noticed a dire elephant
  3028 | D        | Noticed Gastronok
  3039 | D        | Killed a dire elephant
  3045 | D        | HP: 4/108 [dire elephant (12)]
  3046 | D        | Annihilated by a dire elephant

Illustrated notes

Levels and vault maps discovered:
D:        dungeon_sprint_mu [sprint_mu_entry_cave, sprint_mu_temple_rooms,
          sprint_mu_d1_horrors, sprint_mu_d2_genie, sprint_mu_d3_branching,
          sprint_mu_orc_legion, sprint_mu_elf_gauntlet, sprint_mu_hive_nellie,
          sprint_mu_lair_fedhas, sprint_mu_vaults_butterflies,
          sprint_mu_slime_circle, sprint_mu_swamp_cave, sprint_mu_snake_twists,
          sprint_mu_blade_basic, sprint_mu_crypt_fortress,
          sprint_mu_tomb_spiral, sprint_mu_vestibule_basic,
          sprint_mu_gehenna_hellfire, sprint_mu_dis_giant,
          sprint_mu_tartarus_statrot, sprint_mu_cocytus_islands, sprint_mu_zot1]

Skill      XL: |  1  2  3  4  5  6  7  8  9 10 11 |
---------------+----------------------------------+-----
Fighting       | 5 6 7 8 10 11 12 14 16 17 18 | 18.4
Long Blades    | 5 6 8 9 11 12 14 16 18 20 | 20.9
Armour         | 3 4 5 6 8 12 13 | 13.1
Dodging        | 3 4 5 6 7 9 |  9.7
Stealth        | 2 3 4 |  4.1
Evocations     | 1 2 |  2.7

Action                   |  1- 3 |  4- 6 |  7- 9 | 10-12 || total
-------------------------+-------+-------+-------+-------++-------
Melee: Falchion          |    23 |    17 |     4 |       ||    44
       Headbutt          |     2 |     3 |    14 |    19 ||    38
       Long sword        |       |       |    52 |       ||    52
       Great sword       |       |       |     9 |    25 ||    34
       Punch             |       |       |     2 |       ||     2
       Scimitar          |       |       |       |    64 ||    64
Invok: Berserk           |     2 |     3 |     3 |     3 ||    11
Evoke: Tin of tremorston |       |       |     3 |     2 ||     5
  Use: Potion            |     2 |       |     1 |       ||     3
 Stab: Sleeping          |       |       |     1 |       ||     1
Armor: Animal skin       |       |     1 |       |       ||     1
       Leather armour    |       |       |     1 |       ||     1
       Plate armour      |       |       |    27 |    48 ||    75
Dodge: Dodged            |     7 |     5 |    39 |    31 ||    82
